[Event "Titled Tuesday Blitz January 03 Early 2023"]
[White "Gurevich, Dmitry"]
[Black "Alfaro, William"]
[WhiteFideId "2000407"]
[BlackFideId "6100457"]
[WhiteElo "2393"]
[BlackElo "2134"]
[Result "1-0"]
[Round "06"]
[TimeControl "180+2"]
[Date "2023.01.03"]
[WhiteClock "0:01:51"]
[BlackClock "0:01:35"]

1. d4 Nf6 2. c4 g6 3. Nc3 Bg7 4. e4 d6 5. Nf3 O-O 6. Be2 e5 7. O-O Nc6 8. d5 Ne7 9. Ne1 Nd7 10. Be3 f5 11. f3 f4 12. Bf2 h5 13. Nb5 a5 14. Nd3 g5 15. c5 Rf6 16. cxd6 cxd6 17. Rc1 Nf8 18. Nc7 Rb8 19. Ba7 Bd7 20. Bxb8 Qxb8 21. Nf2 b5 22. Qb3 b4 23. Qc4 Neg6 24. Ne6 Nxe6 25. dxe6 Bxe6 26. Qc7 Qf8 27. Bc4 Bxc4 28. Rxc4 Nh4 29. Qd7 g4 30. Rc8 1-0


[Site "https://www.chess.com"]

[Event "Titled Tuesday Blitz January 03 Early 2023"]
[White "Bilan, Danila"]
[Black "Zainullina, Nataliya"]
[WhiteFideId "24161918"]
[BlackFideId "4145488"]
[WhiteElo "2303"]
[BlackElo "2099"]
[Result "1-0"]
[Round "06"]
[TimeControl "180+2"]
[Date "2023.01.03"]
[WhiteClock "0:00:07"]
[BlackClock "0:00:07"]

1. d4 Nf6 2. Nf3 g6 3. Bg5 Bg7 4. c3 c5 5. e3 Qb6 6. Qb3 Nc6 7. Nbd2 d6 8. Qxb6 axb6 9. Bxf6 Bxf6 10. Nc4 b5 11. Nb6 Rb8 12. Nxc8 Rxc8 13. Bxb5 O-O 14. Ke2 Kg7 15. dxc5 dxc5 16. Rhd1 Rc7 17. Bxc6 Rxc6 18. Rd7 b5 19. e4 Re6 20. Ke3 b4 21. Rc1 bxc3 22. bxc3 Ra8 23. Rc2 Ra3 24. Kd3 c4+ 25. Kxc4 Rxe4+ 26. Kd3 Rea4 27. Rb7 e5 28. Nd2 Rxa2 29. Rxa2 Rxa2 30. Ne4 h5 31. c4 h4 32. h3 Bd8 33. c5 Kf8 34. c6 Ra3+ 35. Kc4 Ra8 36. Kd5 Rc8 37. Nd6 Rc7 38. Rb8 Ke7 39. Nc8+ Kf8 40. Nd6 Ke7 41. Kxe5 f6+ 42. Kd5 Ra7 43. Rb7+ Rxb7 44. Nxb7 Bc7 45. f3 f5 46. Nc5 g5 47. Ne6 Bb6 48. Nxg5 Kf6 49. Ne6 Kg6 50. c7 Bxc7 51. Nxc7 Kg5 52. Ke5 f4 53. Ne6+ 1-0


[Site "https://www.chess.com"]

[Event "Titled Tuesday Blitz January 03 Early 2023"]
[White "Avazkhonov, Alikhon"]
[Black "Baskakov, Egor"]
[WhiteFideId "14208504"]
[BlackFideId "24197866"]
[WhiteElo "1538"]
[BlackElo "2215"]
[Result "0-1"]
[Round "06"]
[TimeControl "180+2"]
[Date "2023.01.03"]
[WhiteClock "0:00:01"]
[BlackClock "0:00:39"]

1. d4 Nf6 2. c4 e6 3. Nc3 d5 4. cxd5 Nxd5 5. e4 Nxc3 6. bxc3 b6 7. Nf3 Bb7 8. Bd3 Nd7 9. O-O Be7 10. Qe2 O-O 11. a4 c5 12. a5 cxd4 13. a6 Bc6 14. cxd4 Rc8 15. Bb2 Re8 16. Rfc1 Nf6 17. Ne5 Ba8 18. Bb5 Rf8 19. Nc6 Bxc6 20. Bxc6 Rc7 21. d5 exd5 22. exd5 Bd6 23. Rc4 Re7 24. Qf3 Nd7 25. Rg4 Be5 26. d6 Re6 27. Bxd7 Qxd7 28. Bxe5 Rxe5 29. Rd1 Qxd6 30. h4 Qe6 31. Qg3 g6 32. Rdd4 h5 33. Rg5 Rxg5 34. hxg5 Qe1+ 35. Kh2 Qe2 36. Qf4 Qxa6 37. Rd6 Qb5 38. Kh3 Qc5 39. Kh4 Qc8 40. g3 Rd8 41. Rf6 Rd1 42. Qe4 Rh1+ 43. Qxh1 Qg4# 0-1


[Site "https://www.chess.com"]

[Event "Titled Tuesday Blitz January 03 Early 2023"]
[White "Demchenko, Anton"]
[Black "Valle Maytin, Luis Enrique"]
[WhiteFideId "4160258"]
[BlackFideId "3503666"]
[WhiteElo "2623"]
[BlackElo "2241"]
[Result "0-1"]
[Round "06"]
[TimeControl "180+2"]
[Date "2023.01.03"]
[WhiteClock "0:00:03"]
[BlackClock "0:00:28"]

1. a3 Nf6 2. Nf3 g6 3. b4 Bg7 4. Bb2 O-O 5. c4 d6 6. e3 e5 7. d3 Bg4 8. Be2 Nbd7 9. Nbd2 c6 10. O-O Qc7 11. Rc1 Rae8 12. h3 Bxf3 13. Nxf3 h6 14. Qb3 Kh8 15. Rfd1 Ng8 16. e4 f5 17. c5 dxc5 18. bxc5 Ngf6 19. Nh4 Kh7 20. exf5 gxf5 21. Nxf5 Nd5 22. Nd6 Re6 23. Ne4 Rg6 24. Bh5 Re6 25. g3 Rg8 26. Kh2 N7f6 27. Bf3 Nd7 28. Bg4 Ree8 29. Rb1 Rb8 30. Be6 Rgc8 31. d4 N7f6 32. Nd6 Re8 33. Bf5+ Kh8 34. dxe5 Nd7 35. Nf7+ Kg8 36. e6 Nxc5 37. Qf3 Nxe6 38. Bg6 Rf8 39. Qh5 Rxf7 40. Bxf7+ Qxf7 41. Qe2 Rf8 42. Rd2 Ng5 43. f4 Re8 44. Qd3 Re3 45. Qc2 Nf3+ 46. Kg2 Nxd2 47. Qxd2 Qg6 48. Bxg7 Qxg3+ 49. Kh1 Qxh3+ 50. Qh2 Qxh2+ 51. Kxh2 Kxg7 52. Rxb7+ Re7 53. Rxa7 Rxa7 0-1


[Site "https://www.chess.com"]

[Event "Titled Tuesday Blitz January 03 Early 2023"]
[White "Le Ruyet, Leopold"]
[Black "Samunenkov, Ihor"]
[WhiteFideId "645923"]
[BlackFideId "14187086"]
[WhiteElo "2245"]
[BlackElo "2501"]
[Result "1-0"]
[Round "06"]
[TimeControl "180+2"]
[Date "2023.01.03"]
[WhiteClock "0:00:02"]
[BlackClock "0:00:03"]

1. e4 c5 2. Nc3 Nc6 3. Bb5 Nd4 4. Nf3 e6 5. O-O a6 6. Bd3 Nc6 7. b3 d6 8. Bb2 Nge7 9. Be2 Nd4 10. Nxd4 cxd4 11. Nb1 Nc6 12. f4 Be7 13. d3 O-O 14. Nd2 e5 15. c3 dxc3 16. Bxc3 exf4 17. Rxf4 d5 18. d4 Bg5 19. Rf3 Bxd2 20. Qxd2 dxe4 21. Rg3 f6 22. Qf4 Re8 23. Bh5 Re6 24. d5 Qxd5 25. Be2 Kh8 26. Bc4 Qc5+ 27. Kh1 Re7 28. Bxf6 Bf5 29. Bxe7 Nxe7 30. Rd1 b5 31. Bd5 Rf8 32. Bxe4 h6 33. Rgd3 Qc8 34. Bxf5 Nxf5 35. Qe4 Re8 36. Qg4 Rf8 37. Qh3 Qc5 38. Rf3 Kh7 39. Rdf1 g6 40. Qg4 Re8 41. Qf4 Re7 42. Qd2 Qe5 43. Rd3 Ne3 44. Re1 Qf4 45. Rdxe3 Rf7 46. Qe2 Qf5 47. Rf3 Qd7 48. Rxf7+ Qxf7 49. Qe7 1-0


[Site "https://www.chess.com"]

[Event "Titled Tuesday Blitz January 03 Early 2023"]
[White "Begunov, Konstantin"]
[Black "Santos Ruiz, Miguel"]
[WhiteFideId "4118510"]
[BlackFideId "22291482"]
[WhiteElo "2325"]
[BlackElo "2590"]
[Result "0-1"]
[Round "06"]
[TimeControl "180+2"]
[Date "2023.01.03"]
[WhiteClock "0:00:54"]
[BlackClock "0:01:12"]

1. d4 Nf6 2. c4 e6 3. Nf3 d5 4. Nc3 c6 5. Bg5 h6 6. Bh4 dxc4 7. e3 b5 8. a4 Bb4 9. Be2 Bb7 10. O-O a6 11. axb5 cxb5 12. Ne5 Nbd7 13. Bf3 Qb6 14. Bxb7 Qxb7 15. Nxd7 Nxd7 16. Qg4 O-O 17. Bg3 Nf6 18. Qe2 Rfd8 19. Rfc1 Ne4 20. Nxe4 Qxe4 21. f3 Qb7 22. Be1 a5 23. Kf2 Bxe1+ 24. Qxe1 a4 25. Qb4 Rd7 26. Ra3 Rad8 27. Rac3 Qd5 28. R3c2 e5 29. dxe5 Qxe5 30. Qe1 Qxh2 31. e4 Rd3 32. Qg1 Rd2+ 33. Rxd2 Rxd2+ 34. Ke3 Qxg1+ 35. Rxg1 Rxb2 36. Rd1 a3 37. Rd8+ Kh7 38. Ra8 b4 0-1


[Site "https://www.chess.com"]

[Event "Titled Tuesday Blitz January 03 Early 2023"]
[White "Kaplan, Avi Harrison"]
[Black "Mekhitarian, Krikor Sevag"]
[WhiteFideId "30934559"]
[BlackFideId "2107660"]
[WhiteElo "2146"]
[BlackElo "2537"]
[Result "0-1"]
[Round "06"]
[TimeControl "180+2"]
[Date "2023.01.03"]
[WhiteClock "0:00:11"]
[BlackClock "0:00:09"]

1. b4 e6 2. Bb2 Nf6 3. a3 b5 4. e3 Bb7 5. Nf3 a6 6. c4 bxc4 7. Bxc4 Be7 8. O-O O-O 9. d3 a5 10. b5 d6 11. Nbd2 Nbd7 12. Rc1 a4 13. Qc2 e5 14. Ba2 Rc8 15. Qxa4 Nb6 16. Qc2 c5 17. bxc6 Rxc6 18. Qb1 Rxc1 19. Rxc1 Ba6 20. Nc4 Na4 21. Ba1 Qa8 22. Qb4 Nc5 23. Nb6 Qa7 24. Qa5 Bd8 25. Rb1 Nfd7 26. Nc8 Qa8 27. Nb6 Nxb6 28. Rxb6 Bxb6 29. Qxb6 Qb8 30. Qxb8 Rxb8 31. d4 Nb3 32. Bc3 e4 33. Ng5 d5 34. g3 h6 35. Nh3 g5 36. Kg2 Bc4 37. Bb4 Kg7 38. Ng1 f6 39. h3 Ra8 40. f3 exf3+ 41. Nxf3 Nc1 42. Bb1 Bd3 43. Bxd3 Nxd3 44. g4 Nxb4 45. axb4 Rb8 46. Kg3 Rxb4 47. Ne1 Rb3 48. Ng2 Kg6 49. Kf3 f5 50. Ne1 f4 51. Ng2 Kf6 52. Kf2 fxe3+ 53. Nxe3 Ke6 54. Ke2 Ra3 55. Kf2 Rd3 56. Nf5 Rxh3 57. Kg2 Rd3 58. Nxh6 Rxd4 59. Kg3 Re4 60. Nf5 Ke5 61. Kf3 Rf4+ 62. Kg3 Rxf5 63. gxf5 Kxf5 64. Kf3 g4+ 65. Kg3 Kg5 66. Kf2 Kf4 67. Ke2 g3 68. Kf1 Kf3 69. Kg1 g2 70. Kh2 Kf2 71. Kh3 g1=Q 72. Kh4 Qg6 73. Kh3 Qg3# 0-1


[Site "https://www.chess.com"]

[Event "Titled Tuesday Blitz January 03 Early 2023"]
[White "Ljukin, Sergei"]
[Black "Korchmar, Vasiliy"]
[WhiteFideId "14102200"]
[BlackFideId "24131750"]
[WhiteElo "2362"]
[BlackElo "2438"]
[Result "1-0"]
[Round "06"]
[TimeControl "180+2"]
[Date "2023.01.03"]
[WhiteClock "0:00:13"]
[BlackClock "0:00:02"]

1. e4 e6 2. d4 d5 3. Nc3 Bb4 4. e5 c5 5. a3 Bxc3+ 6. bxc3 Qc7 7. Qg4 Ne7 8. Qxg7 Rg8 9. Qxh7 cxd4 10. Ne2 Nbc6 11. f4 Bd7 12. Qd3 dxc3 13. Nxc3 a6 14. Rb1 Nf5 15. g3 Na5 16. Bh3 d4 17. Ne4 O-O-O 18. Bxf5 exf5 19. Nd6+ Kb8 20. Bd2 Bc6 21. Qxa6 Rxd6 22. Bxa5 Qe7 23. Bb4 Rgd8 24. Qxc6 Qxe5+ 25. fxe5 Rxc6 26. Bd6+ Kc8 27. Kd2 f6 28. Rhf1 fxe5 29. Bxe5 Rd5 30. Rbe1 Rdc5 31. Bxd4 Rxc2+ 32. Kd3 Rxh2 33. Rxf5 Ra6 34. Rf7 Rxa3+ 35. Kc4 Rc2+ 36. Kd5 Ra5+ 37. Ke4 Rc7 38. Rxc7+ Kxc7 39. Be5+ Kd7 40. Kf5 b5 41. Rc1 b4 42. Rc7+ Kd8 43. Rb7 Ra4 44. Ke6 Ra6+ 45. Bd6 1-0


[Site "https://www.chess.com"]

[Event "Titled Tuesday Blitz January 03 Early 2023"]
[White "Legenia, Artem"]
[Black "Ilkhomi, Jaloliddin"]
[WhiteFideId "14136945"]
[BlackFideId "14700948"]
[WhiteElo "2092"]
[BlackElo "1997"]
[Result "0-1"]
[Round "06"]
[TimeControl "180+2"]
[Date "2023.01.03"]
[WhiteClock "0:01:53"]
[BlackClock "0:02:10"]

1. e4 e6 2. d4 d5 3. Nd2 Nf6 4. exd5 exd5 5. Ndf3 Bd6 6. Bd3 O-O 7. Ne2 Re8 8. O-O Ne4 9. b3 c6 10. Bb2 Bf5 11. Ng3 Bg6 12. c4 Nd7 13. Re1 f5 14. a3 Qf6 15. b4 Re7 16. b5 Rae8 17. Qb3 Nd2 18. Nxd2 Rxe1+ 19. Rxe1 Rxe1+ 20. Ndf1 Bf7 21. bxc6 bxc6 22. Qb7 dxc4 23. Bxf5 Bxg3 24. Qc8+ Nf8 25. hxg3 g6 26. Bh3 Re2 27. Bc3 Qxf2+ 28. Kh2 Qxf1 29. Bb4 Bd5 0-1


[Site "https://www.chess.com"]

[Event "Titled Tuesday Blitz January 03 Early 2023"]
[White "Pein, Jonathan"]
[Black "Blanco Ronquillo, Humberto L."]
[WhiteFideId "417092"]
[BlackFideId "3504239"]
[WhiteElo "2265"]
[BlackElo "2442"]
[Result "1-0"]
[Round "06"]
[TimeControl "180+2"]
[Date "2023.01.03"]
[WhiteClock "0:00:50"]
[BlackClock "0:00:22"]

1. e4 c5 2. g3 Nc6 3. Bg2 g6 4. Ne2 Bg7 5. O-O e5 6. a3 Nge7 7. b4 cxb4 8. axb4 Nxb4 9. Ba3 Nbc6 10. Nbc3 O-O 11. Nb5 d5 12. exd5 Nxd5 13. Bxf8 Kxf8 14. Bxd5 Qxd5 15. Nc7 Qf3 16. Nxa8 Bh3 17. Nf4 Qxd1 18. Rfxd1 exf4 19. Nc7 Nd4 20. Rxa7 f3 21. Ra8+ Ke7 22. Nd5+ Kd7 23. Nf4 Bf5 24. c3 Ne2+ 25. Nxe2 fxe2 26. Re1 Bd3 27. f4 Bf6 28. Kf2 Be7 29. Ke3 Bc5+ 30. Kxd3 1-0


[Site "https://www.chess.com"]

[Event "Titled Tuesday Blitz January 03 Early 2023"]
[White "Degenbaev, Aziz"]
[Black "Skliarov, Viktor"]
[WhiteFideId "13802640"]
[BlackFideId "14106736"]
[WhiteElo "2203"]
[BlackElo "2383"]
[Result "1/2-1/2"]
[Round "06"]
[TimeControl "180+2"]
[Date "2023.01.03"]
[WhiteClock "0:00:10"]
[BlackClock "0:00:07"]

1. e4 c5 2. Nf3 Nc6 3. Bb5 e6 4. O-O Nge7 5. d4 cxd4 6. Nxd4 Qb6 7. Bxc6 Nxc6 8. Nxc6 Qxc6 9. Nc3 a6 10. Be3 b5 11. a3 Bb7 12. f3 Be7 13. Qe1 O-O 14. Qg3 Rfd8 15. Rad1 Rac8 16. Kh1 a5 17. Bh6 Bf8 18. Bg5 Re8 19. Rd2 b4 20. axb4 axb4 21. Ne2 Qb5 22. Rfd1 d5 23. Nd4 Qb6 24. e5 Rc4 25. Be3 Qc7 26. Nb5 Qd7 27. Nd4 Ra8 28. b3 Rc3 29. Bg5 Ra2 30. h4 Kh8 31. h5 h6 32. Bh4 Ba6 33. Qf4 Kg8 34. Qg4 Qc8 35. f4 Raxc2 36. Nxc2 Rxc2 37. Rxc2 Qxc2 38. Re1 Bd3 39. Qd1 Kh7 40. Qxc2 Bxc2 41. Rc1 g5 42. Rxc2 gxh4 43. Rc8 Kg7 44. Rb8 Bc5 45. Kh2 f5 46. g3 hxg3+ 47. Kxg3 Kf7 48. Kf3 Kg7 49. Rb7+ Kg8 50. Rb5 Be7 51. Rb6 Kf7 52. Rb7 Kf8 53. Ke2 Kf7 54. Kd3 Kf8 55. Kd4 Kf7 56. Ra7 Kf8 57. Ra8+ Kf7 58. Rh8 Kg7 59. Re8 Kf7 60. Rh8 Kg7 61. Rb8 Kf7 62. Rb7 Kf8 63. Rb6 Kf7 64. Rc6 Bf8 65. Rc8 Be7 66. Rc7 Kf8 67. Rc6 Kf7 68. Ra6 Bf8 69. Ke3 Be7 70. Kd3 Bf8 71. Kd4 Be7 72. Ra7 Kf8 73. Ra8+ Kf7 74. Rh8 1/2-1/2


[Site "https://www.chess.com"]

[Event "Titled Tuesday Blitz January 03 Early 2023"]
[White "Sargsyan, Anna M."]
[Black "Lorenzo De La Riva, Lazaro"]
[WhiteFideId "13308130"]
[BlackFideId "2268809"]
[WhiteElo "2375"]
[BlackElo "2404"]
[Result "0-1"]
[Round "06"]
[TimeControl "180+2"]
[Date "2023.01.03"]
[WhiteClock "0:00:29"]
[BlackClock "0:00:47"]

1. d4 Nf6 2. c4 d6 3. g3 h5 4. h4 c6 5. Bg2 Bg4 6. Nc3 Nbd7 7. Qc2 e5 8. d5 cxd5 9. cxd5 Nb6 10. Bg5 Be7 11. a4 Rc8 12. Qb3 O-O 13. a5 Nbd7 14. Qc2 Nc5 15. b4 Na6 16. Qb3 Qc7 17. Bd2 Qc4 18. Qxc4 Rxc4 19. b5 Nb4 20. Rb1 Rfc8 21. Nd1 Nc2+ 22. Kf1 Bf5 23. Rb2 Nd4 24. f3 Rc2 25. Rxc2 Rxc2 26. Ke1 Ra2 27. e4 Bd7 28. b6 axb6 29. axb6 Bb5 30. Nc3 Ra1+ 31. Kf2 Bd8 32. Nxb5 Nxb5 33. Be3 Nd4 34. Ne2 Ra2 35. Bxd4 exd4 36. Rd1 Bxb6 37. Ke1 Nd7 38. Bf1 Ne5 39. f4 Ng4 40. Rb1 Ba5+ 0-1


[Site "https://www.chess.com"]

[Event "Titled Tuesday Blitz January 03 Early 2023"]
[White "Piesik, Piotr"]
[Black "Arpita, Mukherjee"]
[WhiteFideId "1136194"]
[BlackFideId "5056403"]
[WhiteElo "2426"]
[BlackElo "2203"]
[Result "1-0"]
[Round "06"]
[TimeControl "180+2"]
[Date "2023.01.03"]
[WhiteClock "0:02:03"]
[BlackClock "0:01:04"]

1. Nf3 d5 2. g3 Nf6 3. Bg2 g6 4. O-O Bg7 5. d4 O-O 6. c4 c6 7. Nc3 dxc4 8. a4 Nbd7 9. a5 Nd5 10. Qa4 b5 11. axb6 N7xb6 12. Qxc6 Bd7 13. Qc5 Rc8 14. Qa5 Bc6 15. Bd2 Nxc3 16. bxc3 Na4 17. Rxa4 Bxa4 18. Qxa4 Qb6 19. Ra1 Rc7 20. Bf4 Rb7 21. Ne5 Rc7 22. Nxc4 Rxc4 23. Qxc4 a5 24. h4 1-0


[Site "https://www.chess.com"]

[Event "Titled Tuesday Blitz January 03 Early 2023"]
[White "Ginzburg, Yakov"]
[Black "Mazurkiewicz, Michal"]
[WhiteFideId "4157176"]
[BlackFideId "1124943"]
[WhiteElo "2405"]
[BlackElo "2145"]
[Result "1-0"]
[Round "06"]
[TimeControl "180+2"]
[Date "2023.01.03"]
[WhiteClock "0:00:07"]
[BlackClock "0:00:03"]

1. d4 Nf6 2. Nf3 g6 3. c4 Bg7 4. Nc3 O-O 5. e4 d6 6. Be2 c5 7. d5 e6 8. O-O exd5 9. cxd5 Re8 10. Nd2 Na6 11. Re1 Nc7 12. Bf1 Qe7 13. e5 Nfxd5 14. Nxd5 Nxd5 15. Nc4 Be6 16. Nxd6 Red8 17. f4 Qd7 18. Qf3 Nb4 19. Qf2 Nd5 20. Be3 Nxe3 21. Qxe3 Qxd6 22. exd6 Bd4 23. Rad1 Bxe3+ 24. Rxe3 a6 25. b3 Kg7 26. Bc4 Bxc4 27. bxc4 Kf6 28. Rb3 Rd7 29. Rb6 Re8 30. Kf2 Re4 31. Kf3 Rxc4 32. g4 Rc3+ 33. Ke4 Rc2 34. Rd5 Ke6 35. Re5+ Kf6 36. g5+ Kg7 37. Kd5 c4 38. Re7 1-0


[Site "https://www.chess.com"]

[Event "Titled Tuesday Blitz January 03 Early 2023"]
[White "Andreev, Konstantin"]
[Black "Maltsevskaya, Aleksandra"]
[WhiteFideId "24239305"]
[BlackFideId "24174041"]
[WhiteElo "2195"]
[BlackElo "2390"]
[Result "0-1"]
[Round "06"]
[TimeControl "180+2"]
[Date "2023.01.03"]
[WhiteClock "0:00:05"]
[BlackClock "0:01:46"]

1. b3 Nf6 2. Bb2 g6 3. g3 Bg7 4. Bg2 O-O 5. d3 d6 6. Nd2 Nbd7 7. e3 a5 8. a3 a4 9. b4 c5 10. bxc5 Nxc5 11. Ne2 Qb6 12. Rb1 Qc7 13. O-O Rb8 14. c4 b5 15. d4 Nd3 16. Bc3 bxc4 17. Rxb8 Qxb8 18. Nxc4 Ba6 19. Qxa4 Bb5 20. Qb3 Rc8 21. Na5 Ba6 22. Qxb8 Rxb8 23. Nc6 Rb3 24. Rd1 Nxf2 25. Kxf2 Ng4+ 26. Kf3 Bxe2+ 27. Kxe2 Rxc3 28. Rd3 Rc2+ 29. Rd2 Rc1 30. h3 Nxe3 31. Kxe3 Bh6+ 32. Kd3 Bxd2 33. Kxd2 Ra1 34. Nxe7+ Kf8 0-1


[Site "https://www.chess.com"]

[Event "Titled Tuesday Blitz January 03 Early 2023"]
[White "Estrada Nieto, Julian"]
[Black "Pinheiro, Iung Alicio de O."]
[WhiteFideId "5101018"]
[BlackFideId "2104350"]
[WhiteElo "2215"]
[BlackElo "2306"]
[Result "0-1"]
[Round "06"]
[TimeControl "180+2"]
[Date "2023.01.03"]
[WhiteClock "0:00:04"]
[BlackClock "0:00:10"]

1. e4 c5 2. Nf3 Nc6 3. Bb5 e5 4. c3 a6 5. Bxc6 dxc6 6. Nxe5 Qg5 7. d4 Qxg2 8. Qf3 Qxf3 9. Nxf3 cxd4 10. cxd4 Nf6 11. Nc3 Bb4 12. e5 Nd5 13. Bd2 Nb6 14. Rg1 g6 15. Ne4 Be7 16. Bg5 Bf5 17. Nf6+ Kd8 18. O-O-O Rc8 19. Nd2 h6 20. Be3 Bxf6 21. exf6 Nd5 22. Nc4 Nxf6 23. Bf4 Nd5 24. Nd6 Nxf4 25. Nxf7+ Ke7 26. Nxh8 Ne2+ 27. Kd2 Nxg1 28. Nxg6+ Bxg6 29. Rxg1 Bf7 30. Rg7 Rd8 31. Ke3 Kf6 32. Rg1 Bxa2 33. Ra1 Bd5 34. f3 Re8+ 35. Kf2 Rf8 36. Rg1 Ke7 37. Rg7+ Rf7 38. Rg3 b5 39. b4 Kd6 40. Ke3 Kc7 41. Rh3 Rf6 42. Rg3 Kb6 43. h4 a5 44. bxa5+ Kxa5 45. h5 b4 46. f4 b3 47. Kd3 Kb4 48. Rg6 Rxg6 49. hxg6 Be4+ 50. Kxe4 b2 51. Ke5 b1=Q 52. f5 Qe1+ 53. Kf6 Qe8 54. g7 h5 55. Kg5 Qf7 56. f6 h4 57. Kh6 Qxf6+ 58. Kh7 Qf7 59. Kh8 Qh5+ 60. Kg8 h3 0-1


[Site "https://www.chess.com"]

[Event "Titled Tuesday Blitz January 03 Early 2023"]
[White "Kalajzic, Ivan"]
[Black "djokovic74"]
[WhiteFideId "14506378"]
[WhiteElo "2062"]
[BlackElo "2575"]
[Result "1/2-1/2"]
[Round "06"]
[TimeControl "180+2"]
[Date "2023.01.03"]
[WhiteClock "0:00:10"]
[BlackClock "0:00:35"]

1. d4 e6 2. Nc3 Nf6 3. Bg5 h6 4. Bxf6 Qxf6 5. e4 b6 6. Qd2 Bb7 7. f4 Nc6 8. Nf3 Bb4 9. O-O-O O-O-O 10. g3 d5 11. e5 Qe7 12. a3 Bxc3 13. Qxc3 Kb8 14. b4 Rc8 15. Qd2 Nd8 16. c3 c5 17. Kb2 Nc6 18. Bb5 Ka8 19. Qe2 Qc7 20. Rc1 Nb8 21. Bd3 a5 22. dxc5 bxc5 23. bxc5 Nd7 24. Nd4 Nxc5 25. Ka2 Na4 26. Nb5 Qc5 27. Qc2 Nb6 28. Qb3 Rhd8 29. Rb1 Rb8 30. Rb2 f6 31. exf6 gxf6 32. Rhb1 e5 33. fxe5 fxe5 34. Nc7+ Qxc7 35. Qxb6 Qxb6 36. Rxb6 e4 37. Ba6 Rd7 38. Rxh6 Re7 39. Rhb6 e3 40. Bxb7+ Rbxb7 41. Rxb7 Rxb7 42. Re1 Rh7 43. Rxe3 Rxh2+ 44. Kb3 Kb7 45. Ka4 Ra2 46. Kxa5 Rxa3+ 47. Kb5 d4 48. Re7+ Kc8 49. cxd4 Rxg3 50. d5 Kd8 51. Rh7 Rc3 52. Rh6 Kd7 53. Rg6 Rc1 54. Rh6 Rc2 55. Rg6 Rc1 56. Rh6 Rg1 57. Rf6 Re1 58. Kc5 Rc1+ 59. Kd4 Rd1+ 60. Ke5 Re1+ 61. Kd4 Rd1+ 62. Ke5 Re1+ 63. Kd4 Rd1+ 1/2-1/2


[Site "https://www.chess.com"]

[Event "Titled Tuesday Blitz January 03 Early 2023"]
[White "MKlose11"]
[Black "Buscar, Michael"]
[BlackFideId "2603616"]
[WhiteElo "2554"]
[BlackElo "2041"]
[Result "1-0"]
[Round "06"]
[TimeControl "180+2"]
[Date "2023.01.03"]
[WhiteClock "0:02:48"]
[BlackClock "0:02:30"]

1. e4 c5 2. Nc3 g6 3. g3 Bg7 4. Bg2 e6 5. d3 Ne7 6. Be3 b6 7. Qd2 Bb7 8. Bh6 O-O 9. h4 f5 10. h5 Qe8 11. Bxg7 Kxg7 12. hxg6 hxg6 13. Qh6+ Kf6 14. e5+ Kxe5 15. Bxb7 1-0


[Site "https://www.chess.com"]

[Event "Titled Tuesday Blitz January 03 Early 2023"]
[White "Saravana, Krishnan P."]
[Black "Szyszylo, Rafal"]
[WhiteFideId "5018382"]
[BlackFideId "1109626"]
[WhiteElo "2284"]
[BlackElo "2091"]
[Result "1-0"]
[Round "06"]
[TimeControl "180+2"]
[Date "2023.01.03"]
[WhiteClock "0:00:20"]
[BlackClock "0:00:04"]

1. Nf3 d6 2. d4 g6 3. e4 Nf6 4. Nc3 Bg7 5. Be2 O-O 6. O-O Bg4 7. h3 Bxf3 8. Bxf3 Nc6 9. Be3 e5 10. d5 Ne7 11. Qd2 Nd7 12. Be2 f5 13. Bg5 f4 14. Bg4 Bf6 15. Bh6 Bg7 16. Be6+ Kh8 17. Bg5 Bf6 18. h4 Ng8 19. Bxf6+ Ngxf6 20. g3 Nc5 21. gxf4 Nfxe4 22. Nxe4 Nxe4 23. Qe3 Rxf4 24. f3 Qxh4 25. fxe4 Rxe4 26. Qf3 Rf4 27. Qg2 Raf8 28. Rxf4 Rxf4 29. Rf1 Kg7 30. Rxf4 Qxf4 31. Qf2 g5 32. Kg2 h5 33. Qxa7 Qe4+ 34. Kf1 Qxc2 35. Qf2 Qg6 36. a4 g4 37. a5 Qd3+ 38. Qe2 Qh3+ 39. Ke1 Qg3+ 40. Qf2 Qb3 41. Qf7+ Kh6 42. Qf6+ Kh7 43. Bf5+ Kg8 44. Qd8+ Kg7 45. Qe7+ 1-0


[Site "https://www.chess.com"]

[Event "Titled Tuesday Blitz January 03 Early 2023"]
[White "Melian, Juan Sebastian"]
[Black "Topalov, Aleksandar"]
[WhiteFideId "3706575"]
[BlackFideId "925659"]
[WhiteElo "2293"]
[BlackElo "2233"]
[Result "1-0"]
[Round "06"]
[TimeControl "180+2"]
[Date "2023.01.03"]
[WhiteClock "0:00:41"]
[BlackClock "0:00:23"]

1. e4 e6 2. Nc3 d5 3. d4 Bb4 4. Ne2 Nf6 5. Bg5 h6 6. Bxf6 Qxf6 7. a3 Bxc3+ 8. Nxc3 O-O 9. Qd2 Nc6 10. O-O-O Rd8 11. e5 Qe7 12. f4 f5 13. exf6 Qxf6 14. Bb5 Ne7 15. Rhe1 c6 16. Bd3 Rf8 17. g3 Bd7 18. Re5 b6 19. Ne2 c5 20. c3 Rac8 21. Kb1 Nc6 22. Re3 cxd4 23. Nxd4 Nxd4 24. cxd4 Kh8 25. Re5 Rc7 26. Rc1 Rfc8 27. Rxc7 Rxc7 28. Bc2 Be8 29. f5 exf5 30. Rxe8+ 1-0


[Site "https://www.chess.com"]

[Event "Titled Tuesday Blitz January 03 Early 2023"]
[White "Goltseva, Ekaterina"]
[Black "Pandey Srishti"]
[WhiteFideId "24173770"]
[BlackFideId "35093290"]
[WhiteElo "2283"]
[BlackElo "2188"]
[Result "1/2-1/2"]
[Round "06"]
[TimeControl "180+2"]
[Date "2023.01.03"]
[WhiteClock "0:00:36"]
[BlackClock "0:01:25"]

1. c4 e5 2. Nc3 Nf6 3. g3 d5 4. cxd5 Nxd5 5. Bg2 Nb6 6. Nf3 Nc6 7. O-O Be7 8. d3 O-O 9. a3 Be6 10. b4 f6 11. Bb2 a5 12. b5 Nd4 13. Nxd4 exd4 14. Na4 Bd5 15. Nxb6 cxb6 16. a4 Bxg2 17. Kxg2 Rc8 18. Qb3+ Kh8 19. Rac1 Bc5 20. Rc2 Qd6 21. h4 h6 22. Rd1 Rce8 23. Bc1 f5 24. Bf4 Qf6 25. Qd5 Rf7 26. h5 Rfe7 27. Qf3 Qf7 28. Rb1 Kh7 29. Rbb2 Ba3 30. Rb1 Bc5 31. Kf1 Kg8 32. Kg2 Kh7 1/2-1/2


[Site "https://www.chess.com"]

[Event "Titled Tuesday Blitz January 03 Early 2023"]
[White "aidenzhouu"]
[Black "Sielecki, Christof"]
[BlackFideId "4620437"]
[WhiteElo "2382"]
[BlackElo "2419"]
[Result "0-1"]
[Round "06"]
[TimeControl "180+2"]
[Date "2023.01.03"]
[WhiteClock "0:00:06"]
[BlackClock "0:00:08"]

1. d4 Nf6 2. c4 g6 3. Nc3 Bg7 4. e4 d6 5. Nf3 O-O 6. Be2 e5 7. dxe5 dxe5 8. Qxd8 Rxd8 9. Bg5 Re8 10. Nd5 Nxd5 11. cxd5 c6 12. Bc4 cxd5 13. Bxd5 Nd7 14. Nd2 Nc5 15. O-O-O Be6 16. Bxe6 Nxe6 17. Be3 Rec8+ 18. Kb1 f5 19. f3 Kf7 20. Rc1 h5 21. Nc4 Ke7 22. Rhd1 Rc6 23. Na5 Rxc1+ 24. Rxc1 b6 25. Nc6+ Kd6 26. Nb4 Nd4 27. Bxd4 exd4 28. Rc6+ Ke7 29. Rxg6 Kf7 30. exf5 Re8 31. Re6 Rd8 32. Kc2 Rc8+ 33. Kd2 h4 34. Nc6 Rh8 35. Rd6 Bh6+ 36. Kd3 Bf4 37. Rd7+ Kf6 38. h3 Rg8 39. Nxd4 Rxg2 40. Ne2 Be5 41. b3 Kxf5 42. Rxa7 Rh2 43. Nd4+ Bxd4 44. Kxd4 Rxh3 45. Rh7 Kg6 46. Rh8 Kg7 47. Rh5 Kg6 48. Rb5 Rxf3 49. Rxb6+ Kg5 50. Ke4 Rf2 51. a4 h3 52. Rb5+ Kg4 53. Rb8 Rb2 54. Rg8+ Kh4 55. Kf4 Rf2+ 56. Ke3 Rb2 57. Rh8+ Kg3 58. Rg8+ Kh2 59. Rh8 Rxb3+ 60. Kd4 Rb4+ 61. Ke3 Rxa4 62. Kf3 Ra3+ 63. Kg4 Rg3+ 64. Kf4 Kg2 65. Rb8 Rf3+ 66. Kg4 h2 67. Rb2+ Rf2 0-1


[Site "https://www.chess.com"]

[Event "Titled Tuesday Blitz January 03 Early 2023"]
[White "Mei, Austin"]
[Black "Dinu, Dumitru-Daniel"]
[WhiteFideId "30948479"]
[BlackFideId "1208403"]
[WhiteElo "2218"]
[BlackElo "2203"]
[Result "0-1"]
[Round "06"]
[TimeControl "180+2"]
[Date "2023.01.03"]
[WhiteClock "0:00:26"]
[BlackClock "0:00:15"]

1. e4 d5 2. exd5 Nf6 3. d4 Bg4 4. f3 Bf5 5. c4 e6 6. g4 Bg6 7. Nc3 exd5 8. g5 Nfd7 9. Nxd5 Bd6 10. Qe2+ Kf8 11. c5 c6 12. cxd6 cxd5 13. Bf4 Nc6 14. Qd2 Qb6 15. Rd1 Re8+ 16. Kf2 f5 17. h4 Bh5 18. Ne2 Nde5 19. Ng3 Nxf3 20. Nxh5 Nxd2 21. Rxd2 Nxd4 22. Kg3 Ne6 23. Bg2 Nxf4 24. Kxf4 Qe3+ 25. Kxf5 g6+ 26. Kg4 gxh5+ 27. Kxh5 Qxd2 28. Rf1+ Kg7 29. Bf3 Ref8 30. d7 Rxf3 31. Rxf3 Qe2 0-1


[Site "https://www.chess.com"]